 Dungeon Crawl Stone Soup version 0.30-b1-2-g02819fbbbe (webtiles) character file.

Game seed: 10919761973478512648

62 Dirian the Slasher (level 3, -2/33 HPs)
             Began as a Minotaur Monk on May 9, 2023.
             Slain by a cerulean imp
             ... wielding a +2 spear
             ... summoned by Natasha
              (3 damage)
             ... on level 2 of the Dungeon.
             The game lasted 00:02:23 (1170 turns).

Dirian the Slasher (Minotaur Monk)                  Turns: 1170, Time: 00:02:23

Health: -2/33      AC:  5    Str: 17    XL:     3   Next: 85%
Magic:  2/2        EV: 11    Int:  7    God:
Gold:   67         SH:  0    Dex: 12    Spells: 2/2 levels left

rFire   . . .        a - +0 falchion
rCold   . . .        d - orb {light}
rNeg    . . .        i - +0 ring mail
rPois   .            (helmet restricted)
rElec   .            (no cloak)
rCorr   .            (no gloves)
SInv    .            (no boots)
Will    .....        (no amulet)
Stlth   +            (no ring)
HPRegen 0.25/turn    (no ring)
MPRegen 0.08/turn

%: no passive effects
@: mighty, lethally poisoned (-2 -> -11), glowing
A: horns 2, retaliatory headbutt
a: no special abilities


You were on level 2 of the Dungeon.
You visited 1 branch of the dungeon, and saw 2 of its levels.

You collected 67 gold pieces.

Inventory:

Hand Weapons
 a - a +0 falchion (weapon)
 j - a +0 flail
Armour
 d - an orb of light (worn)
 i - a +0 ring mail (worn)
Scrolls
 e - 4 scrolls of identify {unknown}
 f - a scroll of blinking {unknown}
 m - a scroll of teleportation {unknown}
Potions
 c - a potion of ambrosia
 g - a potion of berserk rage {unknown}
 h - 3 potions of heal wounds {unknown}
 k - 2 potions of curing {unknown}
 l - 3 potions of lignification {unknown}


   Skills:
 + Level 4.3 Fighting
 + Level 4.4 Long Blades
 - Level 1.0 Ranged Weapons
 * Level 1.8 Armour
 - Level 3.2 Dodging
 - Level 1.0 Shields


You had 2 spell levels left.
You didn't know any spells.
Your spell library contained the following spells:

 Spells                   Type           Power      Damage    Failure   Level
 Sting                    Tmut/Pois      0%         1d3       63%         1
 Poisonous Vapours        Pois/Air       0%         N/A       77%         2
 Inner Flame              Hex/Fire       0%         N/A       94%         3
 Olgreb's Toxic Radiance  Pois           0%         N/A       100%        4
 Yara's Violent Unravell  Hex/Tmut       0%         3d3       100%        5
 Enfeeble                 Hex            0%         N/A       100%        7


Dungeon Overview and Level Annotations

Branches:
Dungeon (2/15) Zot: 10818

Altars:

Annotations:
D:2 Natasha, Sigmund


Innate Abilities, Weirdness & Mutations

You have a pair of horns on your head.
You reflexively headbutt those who attack you in melee.


Message History

You are too injured to fight recklessly!
You are too injured to fight recklessly!
You are too injured to fight recklessly!
You are too injured to fight recklessly!
You are too injured to fight recklessly!
You are too injured to fight recklessly!
You are too injured to fight recklessly!
You are too injured to fight recklessly!
Okay, then.
It was a potion of might.
You feel very mighty all of a sudden.
You feel sick. Sigmund completely misses you.
Natasha casts a spell.
The hobgoblin hits you but does no damage.
The cerulean imp closely misses you.
You slash the hobgoblin!
You kill the hobgoblin!
You feel sick.
Sigmund hits you from afar with a +3 scythe of venom!
The cerulean imp hits you from afar with a +2 spear.
You feel sick. The cerulean imp closely misses you.
You see here a hobgoblin corpse.
You slash Sigmund!
Sigmund is moderately wounded.
You feel sick.
Natasha mumbles some strange words.
Sigmund hits you but does no damage.
You are lethally poisoned!
The cerulean imp barely misses you.
The cerulean imp hits you but does no damage.
You slash Sigmund!
Sigmund is severely wounded.
* * * LOW HITPOINT WARNING * * *
You feel very sick. The cerulean imp barely misses you.
Sigmund gestures at you while chanting. The puff of flame hits you.
* * * LOW HITPOINT WARNING * * *
The cerulean imp hits you with a +2 spear.
You die...

#># ... #.# #. ...
#.# #. #.# #.## #.
#.# ..5# #.# #.#
#..# #.###.#######
#h5# #.##........#
#@5#
#.#...#.###.###@.#
##..###..#
#......# ....#
#..###.####.#
##..###.)....# .#
#..........#### .#
#..#######....# ..
...# #.##.# ##
...# #.# .# ..##
... ..


You could see Sigmund, Natasha and 3 cerulean imps.

Vanquished Creatures
  A gnoll (D:1)
  An adder (D:2)
  A worm (D:2)
  5 endoplasms
  3 giant cockroaches (D:1)
  4 hobgoblins
  2 jackals (D:1)
  4 kobolds
  2 quokkas (D:1)
  3 ball pythons
  3 bats
  3 frilled lizards
  3 goblins
  5 rats
40 creatures vanquished.

Vanquished Creatures (others)
  A plant (D:1)
1 creature vanquished.

Grand Total: 41 creatures vanquished

Notes
Turn   | Place    | Note
-------+----------+-------------------------------------------
     0 | D:1      | Dirian the Minotaur Monk began the quest for the Orb.
     0 | D:1      | Reached XP level 1. HP: 19/19 MP: 0/0
   262 | D:1      | Reached XP level 2. HP: 27/27 MP: 1/1
   369 | D:1      | Reached skill level 1 in Armour
   369 | D:1      | Reached skill level 1 in Shields
   372 | D:1      | Reached skill level 1 in Ranged Weapons
   373 | D:1      | Reached XP level 3. HP: 33/33 MP: 2/2
   640 | D:1      | You fall into a shaft and drop 1 floor!
   977 | D:2      | Found a faded altar of an unknown god.
  1164 | D:2      | Noticed Sigmund
  1164 | D:2      | Noticed Natasha
  1170 | D:2      | HP: 1/33 [Sigmund/puff of flame (6)]
  1170 | D:2      | Slain by a cerulean imp

Illustrated notes

Levels and vault maps discovered:
D:1:      psy_arrival_heroes, layout_basic, nicolae_grassy_gnolls
D:2:      layout_loops_ring, hellmonk_ecumenical_altar_pennies_from_heaven,
          uniq_robin, uniq_natasha, uniq_sigmund, uniq_crazy_yiuf_cottage

Skill      XL: |  1  2 |
---------------+-------+-----
Fighting       | 4 |  4.3
Long Blades    | 4 |  4.4
Armour         | 1 |  1.8
Shields        | 1 |  1.0
Ranged Weapons | 1 |  1.0
Dodging        | |  3.2

Action                     || total
---------------------------++-------
  Melee: Falchion          ||    64
         Headbutt          ||    13
    Use: Potion            ||     1
 Armour: Robe              ||     2
         Ring mail         ||    20
  Dodge: Dodged            ||    42
